 Dungeon Crawl Stone Soup version 0.29-a0-468-ge57f7f99b4 (webtiles) character file.

Game seed: 8456558635396566168

56 xian the Conjurer (level 3, 0/26 HPs)
             Began as a Draconian Conjurer on May 21, 2022.
             Slain by a goblin
             ... wielding a +0 club
             ... led by Robin
              (1 damage)
             ... on level 2 of the Dungeon.
             The game lasted 00:03:42 (1602 turns).

xian the Conjurer (Draconian Conjurer)              Turns: 1602, Time: 00:03:43

Health: 0/26       AC:  5    Str:  9    XL:     3   Next: 69%
Magic:  2/6        EV: 12    Int: 20    God:
Gold:   19         SH:  0    Dex:  9    Spells: 5/6 levels left

rFire   . . .      SeeInvis +   h - +1 short sword (speed)
rCold   . . .      Faith    .   (no shield)
rNeg    . . .      Spirit   .   (body armour unavailable)
rPois   .          Reflect  .   (helmet restricted)
rElec   .          Harm     .   (no cloak)
rCorr   .          Rampage  .   (no gloves)
Will    .....                   (no boots)
Stlth   ++........              (no amulet)
HPRegen 0.08/turn               f - ring of see invisible
MPRegen 0.10/turn               (no ring)

@: no status effects
A: AC +5, unfitting armour, cold-blooded
a: no special abilities


You were on level 2 of the Dungeon.
You visited 1 branch of the dungeon, and saw 2 of its levels.

You collected 19 gold pieces.

Inventory:

Hand Weapons
 h - a +1 short sword of speed (weapon)
Jewellery
 f - a ring of see invisible (left hand)
Scrolls
 b - a scroll of teleportation {unknown}
 d - 5 scrolls of identify {unknown}
 i - a scroll of vulnerability {unknown}
 j - a scroll of blinking {unknown}
 k - a scroll of summoning {unknown}
Potions
 a - a potion of magic
 c - a potion of berserk rage {unknown}
 e - a potion of mutation {unknown}
 g - a potion of curing {unknown}


   Skills:
 + Level 0.5 Short Blades
 + Level 2.1 Dodging
 + Level 1.9 Stealth
 + Level 2.3 Spellcasting
 + Level 4.9 Conjurations


You had 5 spell levels left.
You knew the following spells:

 Your Spells              Type           Power      Damage    Failure   Level
a - Magic Dart            Conj           84%        1d7       1%          1

Your spell library contained the following spells:

 Spells                   Type           Power      Damage    Failure   Level
 Searing Ray              Conj           42%        2d6       3%          2
 Dazzling Flash           Conj/Hex       24%        N/A       17%         3
 Fulminant Prism          Conj/Hex       6%         3d7       50%         4
 Iskenderun's Mystic Bla  Conj/Tloc      12%        2d5       50%         4


Dungeon Overview and Level Annotations

Branches:
Dungeon (2/15)

Altars:


Innate Abilities, Weirdness & Mutations

Your plain brown scales are hard. (AC +5)
You cannot fit into any form of body armour.
You are cold-blooded and may be slowed by cold attacks.


Message History

Robin is moderately wounded.
You hit Robin.
Your tail-slap misses Robin.
Robin is heavily wounded.
Robin throws the goblin at you!
You hit Robin. You tail-slap Robin.
Robin is severely wounded.
The goblin barely misses you. Robin completely misses you.
You hit Robin.
You kill Robin!
The hobgoblin no longer looks unusually strong.
The goblin hits you with a +0 club.
You closely miss the hobgoblin. You hit the hobgoblin.
The hobgoblin is almost dead.
The goblin no longer looks unusually strong.
The hobgoblin no longer looks unusually strong.
The hobgoblin closely misses you. The goblin hits you with a +0 club.
You closely miss the hobgoblin.
Your tail-slap misses the hobgoblin.
The hobgoblin is almost dead.
The goblin hits you with a +0 club. The hobgoblin hits you.
* * * LOW HITPOINT WARNING * * *
Unknown command.
Unknown command.
You hit the hobgoblin.
You kill the hobgoblin!
The goblin closely misses you.
You hit the hobgoblin but do no damage. You barely miss the hobgoblin.
The hobgoblin barely misses you. The goblin hits you but does no damage.
You hit the hobgoblin.
You kill the hobgoblin!
The goblin hits you with a +0 club.
* * * LOW HITPOINT WARNING * * *
The goblin unwields a +0 club.
The goblin wields a +0 hunting sling.
The goblin shoots a sling bullet.
The sling bullet hits you.
* * * LOW HITPOINT WARNING * * *
Items here: ) [[ ††††.
The goblin unwields a +0 hunting sling.
The goblin wields a +0 club.
The goblin hits you with a +0 club.
You die...

#..#
######.)##
........<#
######.#)#
#.#.##
#.#..#
#.##.# #.
#)# .. #@#
#. #g# #..
##.# ..
#.# .. #.#


You could see a goblin.

Vanquished Creatures
  Robin (D:2)
  2 dart slugs (D:1)
  3 ball pythons (D:1)
  2 endoplasms (D:1)
  2 giant cockroaches (D:1)
  6 goblins
  6 hobgoblins
  3 jackals (D:1)
  5 kobolds (D:1)
  2 bats (D:1)
  3 rats (D:1)
35 creatures vanquished.

Notes
Turn   | Place    | Note
-------+----------+-------------------------------------------
     0 | D:1      | xian the Draconian Conjurer began the quest for the Orb.
     0 | D:1      | Reached XP level 1. HP: 14/14 MP: 3/3
   598 | D:1      | Reached XP level 2. HP: 20/20 MP: 3/5
  1295 | D:1      | Reached XP level 3. HP: 24/26 MP: 0/6
  1555 | D:2      | Found a faded altar of an unknown god.
  1574 | D:2      | Noticed Robin
  1593 | D:2      | Killed Robin
  1601 | D:2      | HP: 1/26 [goblin/sling bullet[Robin] (3)]
  1602 | D:2      | Slain by a goblin

Illustrated notes

Levels and vault maps discovered:
D:1:      lemuel_arrival_funnel, layout_loops_ring, minmay_cut_off
D:2:      minmay_skewed_foursquare, layout_basic, basic_ecumenical_altar,
          uniq_jessica, uniq_robin

Skill      XL: |  1  2 |
---------------+-------+-----
Dodging        | 2 |  2.1
Short Blades   | |  0.5
Stealth        | |  1.9
Spellcasting   | |  2.3
Conjurations   | |  4.9

Action                   || total
-------------------------++-------
Melee: Short sword       ||    37
       Unarmed           ||     4
       Tailslap          ||     3
Throw: Stone             ||     2
 Cast: Magic Dart        ||    56
Armor: Skin              ||    17
Dodge: Dodged            ||    51

Table legend: (Time is in decaauts)
 A = Elapsed time spent in this place.
 B = Non-inter-level travel time spent in this place.
 C = Inter-level travel time spent in this place.
 D = Time resting spent in this place.
 E = Time spent auto-exploring this place.
 F = Levels seen in this place.
 G = Mean time per level.
                   A        B        C        D        E       F      G
               +--------+--------+--------+--------+--------+-----+--------+
         Total |   1592 |   1567 |     25 |    320 |   1031 |   2 |  796.0 |
       Dungeon |   1592 |   1567 |     25 |    320 |   1031 |   2 |  796.0 |
               +--------+--------+--------+--------+--------+-----+--------+

Top non-repeatable levels by time:
     D:1: 1551 daAuts
     D:2: 40 daAuts
